 Dungeon Crawl Stone Soup version 0.23.2-40-g277498a001 (webtiles) character file.

Game seed: 4934744428374438888

56 DenSaoPin the Shield-Bearer (level 3, 0/33 HPs)
             Began as a Minotaur Fighter on Oct 19, 2019.
             Slain by a crimson imp (3 damage)
             ... summoned by Natasha
             ... on level 2 of the Dungeon.
             The game lasted 00:03:55 (1095 turns).

DenSaoPin the Shield-Bearer (Minotaur Fighter)      Turns: 1095, Time: 00:03:56

Health: 0/33       AC:  7    Str: 20    XL:     3   Next: 71%
Magic:  2/2        EV:  7    Int:  5    God:
Gold:   73         SH:  9    Dex: 10    Spells: 2/2 levels left

rFire    . . .     SeeInvis .   a - +0 war axe
rCold    . . .     Gourm    .   c - +0 shield
rNeg     . . .     Faith    .   b - +0 scale mail
rPois    .         Spirit   .   (helmet restricted)
rElec    .         Reflect  .   (no cloak)
rCorr    .         Harm     .   (no gloves)
MR       .....                  (no boots)
Stlth    ..........             (no amulet)
HPRegen  0.11/turn              (no ring)
MPRegen  0.08/turn              (no ring)

@: very slightly contaminated
A: retaliatory headbutt, horns 2
a: no special abilities


You were on level 2 of the Dungeon.
You were not hungry.

You visited 1 branch of the dungeon, and saw 2 of its levels.

You collected 73 gold pieces.

Inventory:

Hand Weapons
 a - a +0 war axe (weapon)
Armour
 b - a +0 scale mail (worn)
 c - a +0 shield (worn)
 l - a +0 scale mail of magic resistance
Jewellery
 e - an uncursed ring of protection from cold {unknown}
Scrolls
 h - 2 scrolls of remove curse {unknown}
 i - 4 scrolls of teleportation {unknown}
 j - 2 scrolls of identify {unknown}
Potions
 d - 3 potions of might
 k - 2 potions of curing {unknown}
 m - a potion of flight {unknown}
 n - a potion of agility {unknown}
Comestibles
 f - 5 rations
 o - 4 chunks of flesh


   Skills:
 + Level 4.2 Fighting
 + Level 3.2 Axes
 + Level 4.2 Armour
 + Level 4.2 Shields


You had 2 spell levels left.
You didn't know any spells.
Your spell library was empty.

Dungeon Overview and Level Annotations

Branches:
Dungeon (2/15)

Altars:
Cheibriados
Ru
Sif Muna
Yredelemnul

Annotations:
D:2 Natasha


Innate Abilities, Weirdness & Mutations

You reflexively headbutt those who attack you in melee.
You have a pair of horns on your head.


Message History

You block the crimson imp's attack. Natasha claws you.
* * * LOW HITPOINT WARNING * * *
The crimson imp hits you but does no damage.
Natasha claws you!
* * * LOW HITPOINT WARNING * * *
Blink to where?
Press: ? - help, Dir - move target cursor You are very lightly contaminated with residual magic.
As you read the scroll labeled EVVONI TAUNI, it crumbles to dust.
It was a scroll of blinking.
Natasha mewls in sadness.
The crimson imp blinks! x2
You feel yourself speed up.
The crimson imp blinks!
The crimson imp summons a swarm of flies.
There is a stone staircase leading down here.
You can't go up here!
The crimson imp disappears in a puff of smoke!
The crimson imp hits you.
You die...

.............# #ยง#..#
.............# #.#..#
......)....#.# #h#..#
...........#.# #.#..#
..>........#.####### #5#..#
.......#+#.#........ #5#..#
###....#............ #.#.(#
###....###.###########5#..#
.......'........@5.h...#..#
.......###.################
........##.# ........##+#
###...... # #.......
...........
................ ....
.........


You could see Natasha and 2 crimson imps.

Vanquished Creatures
  A worm (D:2)
  2 dart slugs (D:1)
  A leopard gecko (D:1)
  6 bats (D:1)
  4 giant cockroaches (D:1)
  5 goblins (D:1)
  5 hobgoblins
  3 jackals (D:1)
  7 frilled lizards
  4 kobolds
  8 rats
46 creatures vanquished.

Notes
Turn   | Place    | Note
-------+----------+-------------------------------------------
     0 | D:1      | DenSaoPin the Minotaur Fighter began the quest for the Orb.
     0 | D:1      | Reached XP level 1. HP: 19/19 MP: 0/0
    40 | D:1      | Reached XP level 2. HP: 25/27 MP: 1/1
   361 | D:1      | Reached XP level 3. HP: 31/33 MP: 2/2
   863 | D:2      | Found a deep blue altar of Sif Muna.
   944 | D:2      | Found a basalt altar of Yredelemnul.
   953 | D:2      | Found a snail-covered altar of Cheibriados.
   956 | D:2      | Found a sacrificial altar of Ru.
  1076 | D:2      | Noticed Natasha
  1087 | D:2      | HP: 1/33 [Natasha (8)]
  1095 | D:2      | Slain by a crimson imp

Skill      XL: |  1  2 |
---------------+-------+-----
Fighting       | 4 |  4.2
Shields        | 4 |  4.2
Armour         | 4 |  4.2
Axes           | 3 |  3.2

Action                   || total
-------------------------++-------
Melee: War axe           ||    91
       Headbutt          ||     9
  Use: Scroll            ||     1
  Eat: Chunk             ||     1
Armor: Scale mail        ||    57
Dodge: Dodged            ||    34
Block: Shield            ||    57
